AoeStats
← ncl.zani

Black Forest

503888000Analyzed
3v3 RM · 29d ago on Sep 2, 2026· 44m 34s· 6 players
Game mode
Random Map
Map size
Normal (6 player)
Population
200
Speed
Normal
Resources
Standard
Victory
Conquest
Starting age
Dark Age
Ending age
Imperial Age
RankedLock teamsTeams togetherTeam positionsShared explorationLock speedFull tech treeHidden civsTurbo modeCheats
Victory
Defeat
🇩🇪 Italians · Germany
895
+13
🇩🇪 Japanese · Germany
880
+14
🇩🇪 Teutons · Germany
821
+16
🇮🇹 Teutons · Italy
939
-19
🇮🇹 Persians · Italy
825
-14
🇮🇹 Romans · Italy
729
-10
ncl.zani
9:35 Feudal Age
10:54 Wheelbarrow
14:07 Double-Bit Axe
17:34 Castle Age
26:12 Loom
26:45 Man-at-Arms
29:52 Long Swordsman
35:11 Imperial Age
35:47 Legionary
36:28 Light Cavalry
37:20 Bloodlines
38:20 Forging
38:11 Scale Mail Armor
38:16 Scale Barding Armor
42:25 Iron Casting
42:05 Chain Mail Armor
42:11 Chain Barding Armor
41:50 Horse Collar
42:23 Pikeman
43:03 Squires
CHESCHIFOLAFIGA
12:04 Feudal Age
13:22 Wheelbarrow
12:34 Double-Bit Axe
17:36 Castle Age
19:01 Bow Saw
21:50 Horse Collar
22:42 Heavy Plow
25:31 Hand Cart
26:43 Stone Mining
32:36 Ballistics
35:12 Imperial Age
32:32 Town Watch
32:58 Fletching
33:37 Kamandaran
34:27 Crossbowman
35:40 Bodkin Arrow
38:10 Town Patrol
40:26 Conscription
39:29 Elite War Elephant
41:27 Elite War Elephant
42:31 Town Patrol
Tagliafoglie
1:01 Loom
11:17 Feudal Age
11:43 Double-Bit Axe
13:28 Wheelbarrow
12:40 Horse Collar
19:05 Castle Age
17:05 Stone Mining
17:40 Scale Mail Armor
21:03 Forging
20:49 Fletching
21:16 Chain Mail Armor
23:51 Bow Saw
24:01 Heavy Plow
31:48 Hand Cart
36:07 Imperial Age
35:04 Squires
35:34 Bloodlines
37:00 Iron Casting
36:21 Bodkin Arrow
38:32 Two-Man Saw
39:20 Blast Furnace
38:50 Plate Mail Armor
38:27 Scale Barding Armor
39:58 Conscription
39:59 Crenellations
40:21 Hoardings
39:17 Cavalier
41:29 Chemistry
40:35 Siege Engineers
40:42 Fortified Wall
40:47 Masonry
40:50 Town Watch
42:02 Town Patrol
BUSTO
0:27 Loom
13:19 Feudal Age
17:19 Castle Age
15:07 Horse Collar
15:32 Double-Bit Axe
22:01 Bow Saw
21:57 Stone Mining
22:42 Heavy Plow
25:17 Wheelbarrow
27:15 Hand Cart
31:50 Imperial Age
29:23 Gold Mining
30:14 Forging
30:05 Scale Mail Armor
31:37 Iron Casting
31:24 Ballistics
32:21 Gold Shaft Mining
32:13 Squires
31:37 Pikeman
33:00 Kataparuto
34:29 Blast Furnace
33:45 Chain Mail Armor
34:52 Chemistry
34:22 Halberdier
36:08 Two-Man Saw
38:31 Plate Mail Armor
37:53 Fletching
38:09 Scale Barding Armor
38:34 Heavy Cavalry Archer
39:40 Parthian Tactics
39:21 Thumb Ring
40:37 Elite Samurai
42:11 Bodkin Arrow
42:37 Chain Barding Armor
Promilipp
0:55 Loom
14:01 Feudal Age
15:06 Gold Mining
18:31 Castle Age
16:26 Double-Bit Axe
16:31 Horse Collar
20:26 Wheelbarrow
22:22 Bow Saw
24:18 Hand Cart
24:49 Heavy Plow
24:55 Caravan
27:24 Squires
26:44 Pikeman
27:29 Arson
32:41 Imperial Age
30:29 Forging
31:25 Masonry
31:38 Stone Mining
33:43 Iron Casting
33:09 Scale Mail Armor
40:01 Ballistics
40:42 Chemistry
39:32 Heated Shot
39:56 Siege Engineers
40:05 Elite Teutonic Knight
45:15 Crop Rotation
45:55 Blast Furnace
45:10 Chain Mail Armor
oToemsn
0:38 Loom
13:17 Feudal Age
16:15 Double-Bit Axe
20:03 Fletching
22:31 Castle Age
21:10 Padded Archer Armor
20:52 Horse Collar
22:33 Crossbowman
23:19 Thumb Ring
28:22 Pikeman
44:46 Gold Mining
Connection lost

Rejoining the realm…

Still unreachable

The connection could not be restored.

Session expired

The server has moved on; the page needs a fresh start.